 Dungeon Crawl Stone Soup version 0.28.0-53-g5a82cb258f (webtiles) character file.

Game seed: 10037232823395903686

3134 safid the Severer (level 9, -23/71 HPs)
             Began as a Hill Orc Fighter on Aug 21, 2022.
             Was a Follower of Okawaru.
             Annihilated by a two-headed ogre
             ... wielding a +0 giant spiked club
              (26 damage)
             ... on level 8 of the Dungeon.
             The game lasted 00:11:03 (9088 turns).

safid the Severer (Hill Orc Fighter)                Turns: 9088, Time: 00:11:04

Health: -23/71     AC: 12    Str: 23    XL:     9   Next: 92%
Magic:  9/9        EV:  7    Int:  8    God:    Okawaru [*.....]
Gold:   165        SH:  4    Dex: 10    Spells: 8/8 levels left

rFire   . . .      SeeInvis .   x - +1 broad axe (flame)
rCold   . . .      Faith    .   c - +0 buckler
rNeg    . . .      Spirit   .   A - +0 chain mail
rPois   .          Reflect  .   (no helmet)
rElec   .          Harm     .   o - +0 cloak
rCorr   .          Rampage  .   a - +1 pair of gloves
Will    .....                   (no boots)
Stlth   ..........              (no amulet)
HPRegen 0.21/turn               (no ring)
MPRegen 0.11/turn               (no ring)

@: no status effects
A: no striking features
a: Renounce Religion, Heroism


You were on level 8 of the Dungeon.
You worshipped Okawaru.
Okawaru was aware of your devotion.
You visited 2 branches of the dungeon, and saw 9 of its levels.

You collected 349 gold pieces.
You spent 184 gold pieces at shops.

Inventory:

Hand Weapons
 x - a +1 broad axe of flaming (weapon)
Missiles
 b - a curare-tipped dart
 f - 21 poisoned darts (quivered)
Armour
 a - a +1 pair of gloves (worn)
 c - a +0 buckler (worn)
 o - a +0 cloak (worn)
 A - a +0 chain mail (worn)
Jewellery
 n - a ring of ice
Wands
 q - a wand of mindburst (6)
 u - a wand of acid (4)
 C - a wand of digging (4)
Scrolls
 h - a scroll of enchant armour
 i - a scroll of magic mapping {unknown}
 j - a scroll of brand weapon {unknown}
 l - a scroll of torment {unknown}
 m - 5 scrolls of vulnerability
 s - a scroll of enchant weapon {unknown}
 t - 2 scrolls of teleportation {unknown}
 w - a scroll of amnesia {unknown}
 y - a scroll of summoning {unknown}
 B - 3 scrolls of fog
Potions
 d - 2 potions of might
 e - 3 potions of degeneration
 g - a potion of magic {unknown}
 k - 3 potions of lignification {unknown}
 p - 2 potions of brilliance
 r - 4 potions of curing {unknown}
 v - a potion of berserk rage {unknown}


   Skills:
 - Level 4.0 Fighting
 + Level 16.8 Axes
 - Level 4.0 Armour
 - Level 4.0 Shields


You had 8 spell levels left.
You didn't know any spells.
Your spell library contained the following spells:

 Spells                   Type           Power      Damage    Failure   Level
 Beastly Appendage        Tmut           0%         N/A       99%         1
 Pain                     Necr           0%         1d4       99%         1
 Static Discharge         Conj/Air       0%         N/A       100%        2
 Wereblood                Tmut           0%         N/A       100%        2
 Spider Form              Tmut/Pois      0%         N/A       100%        3
 Dispel Undead            Necr           0%         3d6       100%        4
 Sticky Flame             Conj/Fire      0%         2d3       100%        4
 Agony                    Necr           0%         N/A       100%        5
 Excruciating Wounds      Necr           0%         N/A       100%        5


Dungeon Overview and Level Annotations

Branches:
Dungeon (8/15)             Temple (1/1) D:6
   Lair: D:8-11

Altars:
Ashenzari
Cheibriados
Dithmenos
Elyvilon
Fedhas
Gozag
Hepliaklqana
Kikubaaqudgha
Makhleb
Okawaru
Qazlal
Ru
Sif Muna
Trog
Uskayaw
Vehumet
Wu Jian
Xom
Yredelemnul
Zin
The Shining One

Shops:
D:5 (   D:7 (


Message History

Okawaru accepts your kill.
You slash the centaur zombie! You burn the centaur zombie.
The centaur zombie is heavily damaged.
The centaur zombie hits you but does no damage.
The centaur zombie kicks you but does no damage.
The centaur zombie hits you but does no damage.
The centaur zombie barely misses you.
You slash the centaur zombie! You burn the centaur zombie.
The centaur zombie is almost destroyed.
The centaur zombie closely misses you. You block the centaur zombie's attack.
You slice the centaur zombie!! You burn the centaur zombie.
You destroy the centaur zombie!
Okawaru accepts your kill.
No target in view!
As you read the scroll of identify, it crumbles to dust.
B - 3 scrolls of fog A two-headed ogre comes into view.
It is wielding a +0 giant spiked club and a +0 giant club.
The two-headed ogre shouts in stereo!
You hit the two-headed ogre. You burn the two-headed ogre.
The two-headed ogre is lightly wounded.
You block the two-headed ogre's attack.
The two-headed ogre hits you with a +0 giant club!
You barely miss the two-headed ogre.
The two-headed ogre is lightly wounded.
The two-headed ogre hits you with a +0 giant spiked club!
The two-headed ogre completely misses you.
You slash the two-headed ogre! You burn the two-headed ogre.
The two-headed ogre is moderately wounded.
You slash the two-headed ogre! You burn the two-headed ogre.
The two-headed ogre is severely wounded.
The two-headed ogre hits you with a +0 giant spiked club!!
* * * LOW HITPOINT WARNING * * *
The two-headed ogre hits you but does no damage.
Okay, then.
You slash the two-headed ogre! You burn the two-headed ogre.
The two-headed ogre is severely wounded.
You barely miss the two-headed ogre.
The two-headed ogre is severely wounded.
The two-headed ogre hits you with a +0 giant spiked club!!
You die...

.. ...#.........+ ###
####......#+#
.........##...
......##.##...
..######.#.... ####.#
#....... ...##.#
#....... ###..#
#.##....... #.@####
.#.#..#.#.. .
#...##O..##.##...#.#..
..##.##...#.##.#.(...#..
#.###.#.#..#..#........
##...###...#..#...#####
#..#..###.#.##...#.....
#.#...#.#.##.##...#.....
#...#)#...##.
##...#.....
#.#.(#(.#.#.. #...#.....


You could see a two-headed ogre.

Vanquished Creatures
  Joseph (D:7)
  A slime creature (D:8)
  A shadow (D:6)
  Sigmund (D:4)
  A vampire mosquito (D:8)
  A steam dragon (D:7)
  Edmund (D:4)
  A water moccasin (D:7)
  An orc warrior (D:6)
  An ice beast (D:8)
  3 black bears (D:6)
  A necrophage (D:3)
  An ogre (D:5)
  A kobold brigand (D:7)
  2 bullfrogs
  A scorpion (D:6)
  A wyvern skeleton (D:6)
  A howler monkey (D:6)
  4 centaur zombies
  2 bullfrog zombies
  4 hounds
  3 jellies
  Ijyb (D:3)
  An iguana (D:5)
  5 orc wizards
  A killer bee zombie (D:8)
  A howler monkey zombie (D:8)
  5 gnolls
  11 adders
  A shadow imp (D:4)
  2 white imps (D:6)
  2 worms
  2 dart slugs (D:1)
  13 orcs
  5 bats
  5 endoplasms
  3 giant cockroaches
  5 goblins
  7 hobgoblins
  5 jackals (D:1)
  13 kobolds
  2 quokkas (D:1)
  6 ball pythons
  3 frilled lizards
  7 rats
140 creatures vanquished.

Vanquished Creatures (others)
  A plant (D:5)
1 creature vanquished.

Grand Total: 141 creatures vanquished

Notes
Turn   | Place    | Note
-------+----------+-------------------------------------------
     0 | D:1      | safid the Hill Orc Fighter began the quest for the Orb.
     0 | D:1      | Reached XP level 1. HP: 19/19 MP: 1/1
   209 | D:1      | Reached skill level 3 in Axes
   209 | D:1      | Reached XP level 2. HP: 25/27 MP: 2/2
   778 | D:1      | Reached XP level 3. HP: 33/33 MP: 3/3
  1593 | D:2      | Reached XP level 4. HP: 35/40 MP: 4/4
  1648 | D:2      | Reached skill level 4 in Axes
  2666 | D:3      | Reached skill level 5 in Axes
  2863 | D:3      | Reached XP level 5. HP: 46/46 MP: 5/5
  3346 | D:3      | Noticed a necrophage
  3357 | D:3      | Killed a necrophage
  3358 | D:3      | Reached skill level 7 in Axes
  3358 | D:3      | Reached XP level 6. HP: 38/52 MP: 6/6
  4177 | D:3      | Noticed Ijyb
  4191 | D:3      | Killed Ijyb
  4690 | D:4      | Reached skill level 8 in Axes
  5050 | D:4      | Reached XP level 7. HP: 56/59 MP: 7/7
  5272 | D:4      | Noticed Sigmund
  5283 | D:4      | Killed Sigmund
  5284 | D:4      | Reached skill level 9 in Axes
  5367 | D:4      | Noticed Edmund
  5375 | D:4      | Killed Edmund
  5376 | D:4      | Reached skill level 10 in Axes
  5506 | D:5      | Entered Level 5 of the Dungeon
  5514 | D:5      | Found Ubluxabb's Hydra Hut.
  5515 | D:5      | Noticed a four-headed hydra
  5524 | D:5      | Bought a +1 broad axe of flaming for 184 gold pieces
  5677 | D:5      | Reached skill level 11 in Axes
  5677 | D:5      | Reached XP level 8. HP: 50/66 MP: 8/8
  6213 | D:6      | Noticed a shadow
  6258 | D:6      | Reached skill level 12 in Axes
  6402 | D:6      | Killed a shadow
  6403 | D:6      | Reached skill level 13 in Axes
  6670 | D:6      | Found a staircase to the Ecumenical Temple.
  6680 | Temple   | Entered the Ecumenical Temple
  6971 | Temple   | Became a worshipper of Warmaster Okawaru
  6995 | D:6      | Reached skill level 14 in Axes
  6995 | D:6      | Reached XP level 9. HP: 61/71 MP: 9/9
  7347 | D:7      | Noticed Joseph
  8192 | D:7      | Found Molaet's Weapon Boutique.
  8227 | D:7      | HP: 3/71 [Joseph/+0 quarterstaff (15)]
  8230 | D:7      | Killed Joseph
  8230 | D:7      | Reached * piety under Okawaru
  8231 | D:7      | Reached skill level 15 in Axes
  8903 | D:8      | Reached skill level 16 in Axes
  9082 | D:8      | Noticed a two-headed ogre
  9086 | D:8      | HP: 2/71 [two-headed ogre/+0 giant spiked club (30)]
  9088 | D:8      | Annihilated by a two-headed ogre

Illustrated notes

Levels and vault maps discovered:
D:1:      sevenhm_arrival_forest_fort_small_6, layout_basic, st_stairs_5
D:2:      layout_basic, chequers_serial_rivers_small_3, lemuel_another_geyser
D:3:      layout_basic, uniq_ijyb
D:4:      layout_rooms, sigmund_edmund_badplayer
D:5:      layout_loops_ring, doesnt_shop_hydraphobe
D:6:      layout_basic, temple_green
D:7:      layout_rooms, serial_shops, kennysheep_little_box, uniq_joseph
D:8:      minmay_ornate_pinched, layout_basic
Temple:   compressed_dpeg_triangle_lava_temple

Skill      XL: |  1  2  3  4  5  6  7  8  9 |
---------------+----------------------------+-----
Axes           | 3 5 7 8 11 14 16 | 16.8
Fighting       | 4 |  4.0
Armour         | 4 |  4.0
Shields        | 4 |  4.0

Action                   |  1- 3 |  4- 6 |  7- 9 || total
-------------------------+-------+-------+-------++-------
Melee: War axe           |   104 |   180 |    29 ||   313
       Broad axe         |       |       |   177 ||   177
Throw: Dart              |       |       |     1 ||     1
  Use: Potion            |       |       |     4 ||     4
       Scroll            |       |       |     6 ||     6
Armor: Scale mail        |    51 |   100 |    62 ||   213
       Chain mail        |       |       |    58 ||    58
Dodge: Dodged            |    40 |    77 |    94 ||   211
Block: Buckler           |    17 |    43 |    50 ||   110
